 Dungeon Crawl Stone Soup version 0.20-a0-681-gf83e07f (webtiles) character file.

2894 Alarkh the Carver (level 9, -1/61 HPs)
             Began as a Mummy Skald on Feb 18, 2017.
             Was a Follower of Okawaru.
             Impaled on a porcupine's spines (9 damage)
             ... on level 1 of the Lair of Beasts.
             The game lasted 00:12:38 (8726 turns).

Alarkh the Carver (Mummy Skald)                     Turns: 8726, Time: 00:12:39

Health: -1/61      AC:  3    Str: 14    XL:     9   Next: 48%
Magic:  17/19      EV: 11    Int: 15    God:    Okawaru [*.....]
Gold:   432        SH:  0    Dex: 12    Spells: 15/21 levels left

rFire    . . .     SeeInvis .   a - +0 falchion
rCold    + . .     Gourm    .   b - +0 leather armour
rNeg     + + +     Faith    .   (no shield)
rPois    ∞         Spirit   .   (no helmet)
rElec    .         Reflect  .   (no cloak)
rCorr    +         Harm     .   (no gloves)
MR       +....                  (no boots)
Stlth    +.........             (no amulet)
Regen    0.2/turn               s - ring of protection from fire
MPRegen  0.2/turn               i - ring of resist corrosion

@: no status effects
A: no food or potions, fire vulnerability, cold resistance 1, negative energy
resistance 3, torment resistance, unbreathing
a: Heroism, Renounce Religion


You were on level 1 of the Lair of Beasts.
You worshipped Okawaru.
Okawaru was aware of your devotion.
You were not hungry.

You visited 3 branches of the dungeon, and saw 10 of its levels.

You collected 432 gold pieces.

Inventory:

Hand Weapons
 a - a +0 falchion (weapon)
Armour
 b - a +0 leather armour (worn)
 v - the -5 buckler of Love and Death {+Blink rElec}
   (You found it on level 6 of the Dungeon)

   It insulates you from electricity.
   It lets you blink.
Magical Staves
 p - an uncursed staff of poison
Jewellery
 i - a ring of resist corrosion (left hand)
 l - an uncursed ring of ice
 s - a ring of protection from fire (right hand)
Wands
 j - a wand of random effects (6/48)
 k - a wand of lightning (8/15)
 r - a wand of polymorph (1/24)
 u - a wand of lightning (5/15)
 w - a wand of clouds (3/9)
Scrolls
 d - 2 scrolls of remove curse
 e - a scroll of identify
 f - 4 scrolls of amnesia {unknown}
 h - a scroll of blinking
 m - a scroll of fear
 n - 2 scrolls of teleportation {unknown}
 o - 3 scrolls of recharging {unknown}
 q - a scroll of enchant armour {unknown}
 t - a scroll of fog {unknown}
Books
 c - a book of Battle

   Spells                             Type                      Level
   a - Infusion                       Charms                       1
   b - Shroud of Golubria             Charms/Translocation         2
   c - Song of Slaying                Charms                       2
   d - Spectral Weapon                Hexes/Charms                 3
   e - Regeneration                   Charms/Necromancy            3
 g - a book of Callings

   Spells                             Type                      Level
   a - Summon Small Mammal            Summoning                    1
   b - Call Imp                       Summoning                    2
   c - Call Canine Familiar           Summoning                    3
   d - Summon Guardian Golem          Hexes/Summoning              3
   e - Summon Lightning Spire         Summoning/Air                4
   f - Summon Ice Beast               Ice/Summoning                4
 x - a book of Enchantments

   Spells                             Type                      Level
   a - Cause Fear                     Hexes                        4
   b - Yara's Violent Unravelling     Hexes/Transmutation          5
   c - Silence                        Hexes/Air                    5
   d - Deflect Missiles               Charms/Air                   6
   e - Discord                        Hexes                        8


   Skills:
 - Level 2.0 Fighting
 * Level 9.3 Long Blades
 - Level 0.7 Armour
 - Level 1.5 Dodging
 + Level 6.8 Spellcasting
 + Level 5.0 Charms


You had 15 spell levels left.
You knew the following spells:

 Your Spells              Type           Power        Failure   Level  Hunger
a - Spectral Weapon       Hex/Chrm       ##......     21%         3    N/A
c - Infusion              Chrm           ###.         2%          1    N/A
e - Shroud of Golubria    Chrm/Tloc      ##........   12%         2    N/A

Dungeon Overview and Level Annotations

Branches:
Dungeon (8/15)             Temple (1/1) D:6            Lair (1/6) D:8

Altars:
Ashenzari
Cheibriados
Dithmenos
Elyvilon
Fedhas
Gozag
Hepliaklqana
Kikubaaqudgha
Makhleb
Nemelex Xobeh
Okawaru
Qazlal
Ru
Sif Muna
Trog
Uskayaw
Vehumet
Xom
Yredelemnul
Zin
The Shining One

Shops:
D:4 (

Annotations:
D:8 Malvoorn's ghost, novice MiHu


Innate Abilities, Weirdness & Mutations

You do not eat or drink.
Your flesh is vulnerable to fire.
You are immune to poison.
Your flesh is cold resistant. (rC+)
You are immune to negative energy. (rN+++)
You are immune to unholy pain and torment.
You can survive without breathing.


Message History

The porcupine is heavily wounded.
The porcupine barely misses you.
You closely miss the porcupine.
The porcupine is heavily wounded.
The porcupine bites you!
You hit the porcupine.
The porcupine is heavily wounded.
The porcupine barely misses you.
You barely miss the porcupine.
The porcupine is heavily wounded.
The porcupine bites you!
You are too injured to fight recklessly!
You are struck by the porcupine's spines.
* * * LOW HITPOINT WARNING * * *
You barely miss the porcupine.
The porcupine is heavily wounded.
The porcupine bites you.
* * * LOW HITPOINT WARNING * * *
You are struck by the porcupine's spines.
You die...

#....#...........
#...###.......... ### ##..#
#.........# ##P##### #.##
##......... #......# #.#
##........ #..###.####.##
#......... #..##..#.##..#
##........ #...........##
#........ #..#.#.##.(@#
#<.......
###..##......r######........
##...).#.........#.÷....P#.##
#........................#.##
##...........................
#................#...r..####
#.................#......#
##....#..........#.....###
##....#.......%........##


You could see a porcupine and a friendly spectral falchion.

Vanquished Creatures
  Pikel (D:5)
  A komodo dragon (Lair:1)
  Grinder (D:5)
  A hog (D:8)
  Edmund (D:5)
  A water moccasin (Lair:1)
  An ice beast (D:8)
  A slave (D:5)
  2 ogres
  A centaur (D:8)
  2 crocodiles (Lair:1)
  A big kobold (D:7)
  3 bullfrogs
  A howler monkey (D:4)
  4 crimson imps
  A bullfrog zombie (D:6)
  A centaur zombie (D:5)
  A hound (D:7)
  6 orc wizards
  2 bullfrog skeletons (D:5)
  An iguana (D:7)
  7 worker ants
  A killer bee zombie (D:7)
  A hound zombie (D:7)
  A hound skeleton (D:8)
  A howler monkey zombie (D:6)
  6 adders
  An adder zombie (D:5)
  An adder skeleton (D:5)
  A worm (D:2)
  2 dart slugs
  3 leopard geckos
  23 orcs
  2 ball pythons
  6 bats
  4 giant cockroaches
  8 goblins
  11 hobgoblins
  2 jackals (D:4)
  3 quokkas
  4 frilled lizards
  9 kobolds
  8 rats
139 creatures vanquished.

Vanquished Creatures (others)
  A wizard (D:5)
  A slave (D:5)
  3 plants (D:8)
  4 spectral weapons
9 creatures vanquished.

Grand Total: 148 creatures vanquished

Notes
Turn   | Place    | Note
-------+----------+-------------------------------------------
     0 | D:1      | Alarkh the Mummy Skald began the quest for the Orb.
     0 | D:1      | Reached XP level 1. HP: 16/16 MP: 4/4
   186 | D:1      | Reached skill level 2 in Long Blades
   345 | D:1      | Reached XP level 2. HP: 22/22 MP: 1/5
   871 | D:2      | Found a basalt altar of Yredelemnul.
   933 | D:2      | Reached XP level 3. HP: 22/27 MP: 1/7
   938 | D:2      | Learned a level 2 spell: Shroud of Golubria
   942 | D:2      | Learned a level 3 spell: Spectral Weapon
  1003 | D:2      | Reached skill level 3 in Long Blades
  1511 | D:2      | Reached XP level 4. HP: 33/33 MP: 8/8
  2164 | D:3      | Found a burning altar of Makhleb.
  2243 | D:3      | Reached skill level 4 in Long Blades
  2488 | D:4      | Found a glowing golden altar of the Shining One.
  2528 | D:4      | Reached XP level 5. HP: 30/38 MP: 2/9
  2777 | D:4      | Found Kaem's Weapon Shoppe.
  2891 | D:4      | Found an ancient bone altar of Kikubaaqudgha.
  3034 | D:4      | Reached skill level 5 in Long Blades
  3219 | D:5      | Entered Level 5 of the Dungeon
  3221 | D:5      | Noticed Grinder
  3228 | D:5      | Paralysed by Grinder for 7 turns
  3295 | D:5      | Killed Grinder
  3295 | D:5      | Reached skill level 6 in Long Blades
  3295 | D:5      | Reached XP level 6. HP: 39/44 MP: 2/10
  3515 | D:5      | Noticed Edmund
  3577 | D:5      | Reached XP level 7. HP: 43/50 MP: 2/11
  3853 | D:5      | Killed Edmund
  3976 | D:5      | Noticed Pikel
  4012 | D:5      | Killed Pikel
  4012 | D:5      | Reached skill level 7 in Long Blades
  4012 | D:5      | Reached XP level 8. HP: 38/56 MP: 3/14
  4058 | D:5      | Found a bloodstained altar of Trog.
  4059 | D:5      | Noticed a wizard
  4064 | D:5      | Killed a wizard
  4697 | D:6      | Reached skill level 5 in Spellcasting
  4821 | D:6      | Found a sparkling altar of Nemelex Xobeh.
  4821 | D:6      | Noticed a yaktaur
  5042 | D:6      | Reached skill level 8 in Long Blades
  5268 | D:6      | Found a staircase to the Ecumenical Temple.
  5274 | Temple   | Entered the Ecumenical Temple
  5381 | Temple   | Became a worshipper of Warmaster Okawaru
  5784 | D:6      | Got a transparent buckler
  5790 | D:6      | Identified the -5 buckler of Love and Death {+Blink rElec} (You found it on level 6 of the Dungeon)
  6818 | D:7      | Reached XP level 9. HP: 35/61 MP: 10/17
  7330 | D:8      | Reached * piety under Okawaru
  7333 | D:8      | Noticed a two-headed ogre
  7607 | D:8      | Noticed Malvoorn's ghost (novice MiHu)
  8166 | D:8      | Found a staircase to the Lair.
  8177 | Lair:1   | Entered Level 1 of the Lair of Beasts
  8188 | Lair:1   | Reached skill level 9 in Long Blades
  8379 | Lair:1   | Noticed a komodo dragon
  8405 | Lair:1   | Killed a komodo dragon
  8405 | Lair:1   | Reached skill level 5 in Charms
  8726 | Lair:1   | Impaled on a porcupine's spines

Vault maps used:
D:1:      dpeg_arrival_stonehenge_12_columns
D:2:      yredelemnul_altar_generic
D:3:      nicolae_overflow_hidden_temple
D:4:      nicolae_overflow_crystal_walls, kennysheep_mini, first_bread,
          serial_shops, shop
D:5:      trog_wizard, uniq_edmund, uniq_pikel, uniq_grinder
D:6:      minmay_temple_entry_fiery, grunt_nemelex_the_gamble
D:8:      david_lair_shrubbed, uniq_maurice
Temple:   compressed_dpeg_circular_temple

Skill      XL: |  1  2  3  4  5  6  7  8  9 |
---------------+----------------------------+-----
Long Blades    | 2 3 4 6 7 8 9 |  9.3
Spellcasting   | 4 5 6 |  6.8
Charms         | 3 4 5 |  5.0
Fighting       | |  2.0
Armour         | |  0.7
Dodging        | |  1.5

Action                   |  1- 3 |  4- 6 |  7- 9 || total
-------------------------+-------+-------+-------++-------
Melee: Falchion          |    93 |   156 |   277 ||   526
 Cast: Infusion          |    17 |    20 |    17 ||    54
       Spectral Weapon   |       |     1 |    39 ||    40
       Shroud of Golubri |       |     1 |     7 ||     8
Evoke: Wand              |       |       |    11 ||    11
  Use: Scroll            |       |     3 |     1 ||     4
 Stab: Distracted        |       |       |     2 ||     2
       Paralysed         |       |       |     7 ||     7
Armor: Leather armour    |    24 |    32 |    38 ||    94
Dodge: Dodged            |    61 |    83 |   130 ||   274
       Rpst.: Falchion   |    17 |    32 |    46 ||    95
